 Dungeon Crawl Stone Soup version 0.27.1-3-gb3d3a73c9e (webtiles) character file.

Game seed: 2210660217203732556

11449 pkoi the Grappler (level 11, -8/101 HPs)
             Began as a Troll Monk on Oct 13, 2021.
             Was a High Priest of Makhleb.
             Mangled by a two-headed ogre (35 damage)
             ... on level 11 of the Dungeon.
             The game lasted 00:19:12 (9941 turns).

pkoi the Grappler (Troll Monk)                      Turns: 9941, Time: 00:19:13

Health: -8/101     AC: -4    Str: 24    XL:     11   Next: 49%
Magic:  17/17      EV: 10    Int: 12    God:    Makhleb [*****.]
Gold:   1609       SH:  0    Dex: 12    Spells: 10/10 levels left

rFire    . . .     SeeInvis .     - Unarmed
rCold    . . .     Faith    .   (no shield)
rNeg     . . .     Spirit   .   x - +0 acid dragon scales
rPois    .         Reflect  .   (helmet restricted)
rElec    .         Harm     .   (no cloak)
rCorr    +         Rampage  .   (gloves unavailable)
Will     .....                  (boots unavailable)
Stlth    +.........             (no amulet)
HPRegen  1.26/turn              j - +6 ring of intelligence
MPRegen  0.15/turn              (no ring)

@: corroded, slowed, very slow
A: large, unfitting armour, claws 3, regeneration 1, shaggy fur 1, tough skin 1
a: Renounce Religion, Minor Destruction, Lesser Servant of Makhleb, Major
Destruction, Greater Servant of Makhleb


You were on level 11 of the Dungeon.
You worshipped Makhleb.
Makhleb was extremely pleased with you.
You visited 2 branches of the dungeon, and saw 12 of its levels.
You also visited: Sewer and Ossuary.

You collected 1609 gold pieces.

Inventory:

Missiles
 d - 8 silver javelins (quivered)
 e - a throwing net
 l - 2 boomerangs
 I - 7 curare-tipped darts
Armour
 x - +0 acid dragon scales (worn)
 y - the +18 shield of the Gong {rElec rN+ Will+ EV-5}
   (You acquired it on level 6 of the Dungeon)

   It is deafeningly noisy when blocking attacks.
   EV:        It affects your evasion (-5).
   rElec:     It insulates you from electricity.
   rN:        It protects you from negative energy.
   Will:      It increases your willpower.
Jewellery
 j - a +6 ring of intelligence (left claw)
 o - a ring of resist corrosion
Wands
 a - a wand of flame (5)
 h - a wand of paralysis (2)
 s - a wand of acid (13)
 A - a wand of mindburst (16)
 B - a wand of iceblast (8)
 G - a wand of polymorph (5)
Scrolls
 b - 13 scrolls of teleportation
 i - 4 scrolls of enchant armour
 m - 2 scrolls of fog
 n - 4 scrolls of enchant weapon
 p - 3 scrolls of blinking
 r - 3 scrolls of identify
 t - 4 scrolls of fear
 w - a scroll of torment
 C - a scroll of amnesia
Potions
 c - 3 potions of might
 f - 9 potions of curing
 g - a potion of flight
 k - 3 potions of haste
 q - 3 potions of invisibility
 u - 3 potions of brilliance
 v - 2 potions of cancellation
 z - a potion of heal wounds
 D - 2 potions of resistance
 E - a potion of ambrosia {unknown}
 F - 3 potions of magic
 H - a potion of berserk rage {unknown}


   Skills:
 - Level 4.4 Fighting
 - Level 4.4 Dodging
 - Level 1.0 Stealth
 + Level 6.5 Shields
 + Level 11.7 Unarmed Combat
 + Level 9.4 Invocations


You had 10 spell levels left.
You didn't know any spells.
Your spell library contained the following spells:

 Spells                   Type           Power      Damage    Failure   Level
 Corona                   Hex            0%         N/A       38%         1
 Foxfire                  Conj/Fire      0%         2x1d4     38%         1
 Corpse Rot               Necr/Air       N/A        N/A       54%         2
 Ensorcelled Hibernation  Hex/Ice        0%         N/A       54%         2
 Slow                     Hex            0%         N/A       54%         2
 Conjure Flame            Conj/Fire      0%         6-21      77%         3
 Dazzling Flash           Conj/Hex       0%         N/A       77%         3
 Inner Flame              Hex/Fire       0%         N/A       77%         3
 Ozocubu's Armour         Ice            0%         N/A       77%         3
 Summon Guardian Golem    Hex/Summ       0%         N/A       77%         3
 Tukima's Dance           Hex            0%         N/A       77%         3
 Dispel Undead            Necr           0%         3d6       99%         4
 Hailstorm                Conj/Ice       0%         3d3       99%         4
 Ice Form                 Ice/Tmut       0%         N/A       99%         4
 Leda's Liquefaction      Hex/Erth       0%         N/A       99%         4
 Passage of Golubria      Tloc           N/A        N/A       99%         4
 Bolt of Magma            Conj/Fire/Erth 0%         4d4       100%        5
 Metabolic Englaciation   Hex/Ice        0%         N/A       100%        5
 Summon Mana Viper        Hex/Summ       0%         N/A       100%        5
 Yara's Violent Unravell  Hex/Tmut       0%         3d3       100%        5
 Death Channel            Necr           0%         N/A       100%        6
 Simulacrum               Ice/Necr       0%         N/A       100%        6
 Statue Form              Tmut/Erth      0%         N/A       100%        6


Dungeon Overview and Level Annotations

Branches:
Dungeon (11/15)            Temple (1/1) D:6            Lair (0/6) D:10
    Orc (0/2) D:10          Sewer (visited)         Ossuary (visited)

Altars:
Ashenzari
Cheibriados
Dithmenos
Elyvilon
Fedhas
Gozag
Hepliaklqana
Kikubaaqudgha
Makhleb
Nemelex Xobeh
Okawaru
Qazlal
Ru
Sif Muna
Trog
Uskayaw
Vehumet
Wu Jian
Xom
Yredelemnul
Zin
The Shining One


Innate Abilities, Weirdness & Mutations

You are too large for most types of armour.
You have claws for hands.
Your natural rate of healing is unusually fast.
You are covered in fur. (AC +1)
You have tough skin. (AC +1)


Message History

The two-headed ogre is lightly wounded.
The wraith hits you. The wraith drains your vigour!
You feel yourself slow down. The rust devil hits you.
The rust devil corrodes you! Something hits you.
The crimson imp puffs mist at you.
The two-headed ogre hits you with a +0 giant club!
The two-headed ogre closely misses you.
You claw the two-headed ogre!
The two-headed ogre is moderately wounded.
The wraith hits you. The wraith drains your vigour!
You feel as though you will be slow longer.
The rust devil closely misses you.
The crimson imp laughs crazily.
You hear some strange, mumbled words.
A magic dart appears from out of thin air!
The magic dart hits you. Something hits you.
You scratch the two-headed ogre.
The two-headed ogre is moderately wounded.
The wraith closely misses you.
The two-headed ogre hits you with a +0 giant club.
The two-headed ogre hits you with a +0 giant spiked club!
* * * LOW HITPOINT WARNING * * *
The rust devil hits you!
* * * LOW HITPOINT WARNING * * *
The rust devil corrodes you! Something completely misses you.
The kobold demonologist mumbles some strange words.
The iron imp shouts, "Decamp, thou infectious milk-livered tiler!"
Something hits you.
* * * LOW HITPOINT WARNING * * *
The wraith hits you!
* * * LOW HITPOINT WARNING * * *
The wraith drains your vigour!
You feel as though you will be slow longer.
The rust devil hits you.
* * * LOW HITPOINT WARNING * * *
The rust devil corrodes you!
You scratch the two-headed ogre but do no damage.
The two-headed ogre is moderately wounded.
The two-headed ogre hits you with a +0 giant club!!
You die...

#........#
#..#
#..####..#
#..# #..#
#..# #..#
#..# #..#
#..# #..#
#..# #4.#
#..# #..#
#5.# #..#
#..# #5K#
#..# #..#
#{W# #..#
#@4# #..#
#O.#
#..#######oo#
#.........5.#
#...........#
#...######..#
#...# #.....
#...# #......
#...#
#........


You could see a two-headed ogre, 2 rust devils, a kobold demonologist, a wraith,
an iron imp (summoned), 2 crimson imps and 2 orcs.

Vanquished Creatures
  A two-headed ogre (D:8)
  A skeletal warrior (D:9)
  A deep elf pyromancer (D:9)
  Psyche (D:9)
  A hornet (D:10)
  A shadow (D:9)
  3 wraiths
  Sigmund (D:2)
  2 wyverns
  20 yaks
  A steam dragon (D:8)
  Edmund (D:4)
  2 water moccasins
  An acid dragon (D:8)
  A sky beast (D:7)
  4 black bears
  6 orc warriors
  3 ogres
  3 necrophages
  4 centaurs
  6 bullfrogs
  2 elf zombies (Ossuary)
  A gnoll sergeant (D:10)
  6 scorpions
  2 water moccasin skeletons
  4 killer bees
  14 wights
  3 howler monkeys
  4 centaur zombies
  A jelly (D:6)
  4 orc priests
  A centaur skeleton (D:4)
  A gnoll shaman (D:4)
  A bullfrog skeleton (D:6)
  2 iguanas (D:5)
  Natasha (thrice) (D:2)
  6 orc wizards
  4 mummies
  8 gnolls
  8 adders
  8 river rats
  2 white imps (D:8)
  An adder zombie (D:5)
  2 dart slugs
  26 orcs
  17 ball pythons
  5 endoplasms
  6 giant cockroaches
  5 goblins
  4 hobgoblins
  2 jackals (D:1)
  4 kobolds
  2 quokkas (D:3)
  9 bats
  5 frilled lizards
  3 goblin zombies (Ossuary)
  2 hobgoblin zombies (Ossuary)
  A kobold zombie (Ossuary)
  25 rats
268 creatures vanquished.

Vanquished Creatures (collateral kills)
  A yak (D:8)
  A hound (D:5)
2 creatures vanquished.

Grand Total: 270 creatures vanquished

Notes
Turn   | Place    | Note
-------+----------+-------------------------------------------
     0 | D:1      | pkoi the Troll Monk began the quest for the Orb.
     0 | D:1      | Reached XP level 1. HP: 22/22 MP: 0/0
   227 | D:1      | Reached XP level 2. HP: 29/29 MP: 1/1
   526 | D:2      | Noticed Sigmund
   532 | D:2      | Reached skill level 4 in Unarmed Combat
   765 | D:2      | Noticed Natasha
   767 | D:2      | Noticed a crimson imp
   772 | D:2      | Killed Natasha
   773 | D:2      | Reached XP level 3. HP: 27/36 MP: 2/2
   871 | D:3      | Reached skill level 5 in Unarmed Combat
   871 | D:3      | Reached XP level 4. HP: 40/44 MP: 3/3
  1174 | D:3      | Found a burning altar of Makhleb.
  1177 | D:3      | Found an ornate altar of the Wu Jian Council.
  1181 | D:3      | Found a blossoming altar of Fedhas.
  1191 | D:3      | Became a worshipper of Makhleb the Destroyer
  1191 | D:3      | Reached * piety under Makhleb
  1191 | D:3      | Reached ** piety under Makhleb
  1391 | D:4      | Got the Collected Works on Beguiling
  1402 | D:4      | Found a snail-covered altar of Cheibriados.
  1407 | D:4      | Noticed a scorpion
  1412 | D:4      | Killed a scorpion
  1413 | D:4      | Reached skill level 1 in Invocations
  1413 | D:4      | Reached XP level 5. HP: 48/50 MP: 4/4
  1487 | D:4      | Reached skill level 6 in Unarmed Combat
  1511 | D:4      | Reached XP level 6. HP: 57/59 MP: 6/6
  1627 | D:4      | Noticed Edmund
  1644 | D:4      | Killed Edmund
  1655 | D:4      | Reached XP level 7. HP: 35/67 MP: 6/8
  1940 | D:4      | Reached skill level 7 in Unarmed Combat
  2184 | D:2      | Noticed Natasha
  2202 | D:2      | Killed Natasha
  2259 | D:2      | Killed Sigmund
  2260 | D:2      | Reached XP level 8. HP: 48/75 MP: 8/10
  2312 | D:2      | Noticed Natasha
  2317 | D:2      | Killed Natasha
  2376 | D:2      | Found a faded altar of an unknown god.
  2965 | D:5      | Entered Level 5 of the Dungeon
  2972 | D:5      | Found a glowing golden altar of the Shining One.
  2972 | D:5      | Found a sacrificial altar of Ru.
  2973 | D:5      | Found a shimmering altar of Xom.
  3184 | D:5      | Reached *** piety under Makhleb
  3315 | D:5      | Reached skill level 8 in Unarmed Combat
  3364 | D:5      | Reached skill level 5 in Invocations
  3709 | D:6      | Found a staircase to the Ecumenical Temple.
  3717 | Temple   | Entered the Ecumenical Temple
  3913 | D:6      | Found a broken altar of Ashenzari.
  3933 | D:6      | Reached XP level 9. HP: 84/84 MP: 12/12
  3991 | D:6      | Found a glowing drain.
  3995 | Sewer    | Entered a sewer
  4081 | Sewer    | Reached **** piety under Makhleb
  4482 | D:6      | Identified the +0 pair of gloves of the Moon {rCorr Str+2}
  4494 | D:6      | Identified 2 scrolls of acquirement
  4494 | D:6      | Acquired the +18 shield of the Gong {rElec rN+ Will+ EV-5}
  4494 | D:6      | Found the +18 shield of the Gong {rElec rN+ Will+ EV-5}
  4816 | D:6      | Reached skill level 1 in Shields
  4816 | D:6      | Reached skill level 9 in Unarmed Combat
  5066 | D:7      | Reached ***** piety under Makhleb
  5526 | D:7      | Acquired 965 gold pieces
  5614 | D:7      | Found a shadowy altar of Dithmenos.
  5614 | D:7      | Found an opulent altar of Gozag.
  5621 | D:7      | Found a faded altar of an unknown god.
  5623 | D:7      | Found a hazy altar of Hepliaklqana.
  5625 | D:7      | Found an ancient bone altar of Kikubaaqudgha.
  5687 | D:8      | Reached XP level 10. HP: 94/94 MP: 14/14
  5835 | D:8      | Reached skill level 10 in Unarmed Combat
  5945 | D:8      | Found a sand-covered staircase.
  5955 | Ossuary  | Entered an ossuary
  6495 | D:8      | Noticed a two-headed ogre
  6546 | D:8      | Killed a two-headed ogre
  6910 | D:9      | Reached skill level 5 in Shields
  7097 | D:9      | Noticed a deep elf pyromancer
  7113 | D:9      | Killed a deep elf pyromancer
  7114 | D:9      | Reached skill level 11 in Unarmed Combat
  7114 | D:9      | Reached XP level 11. HP: 85/101 MP: 16/16
  7525 | D:9      | Noticed Psyche
  7537 | D:9      | Killed Psyche
  7816 | D:10     | Entered Level 10 of the Dungeon
  8199 | D:10     | Found a staircase to the Orcish Mines.
  8570 | D:10     | Noticed a skeletal warrior
  8571 | D:10     | Noticed a skeletal warrior
  8571 | D:10     | Noticed a skeletal warrior
  8571 | D:10     | Noticed a skeletal warrior
  8916 | D:10     | Found a staircase to the Lair.
  9634 | D:9      | Killed a skeletal warrior
  9924 | D:11     | Noticed a two-headed ogre
  9941 | D:11     | Mangled by a two-headed ogre

Illustrated notes

Levels and vault maps discovered:
D:1:      dpeg_arrival_fog, layout_basic
D:2:      layout_basic, shapermc_ecumenical_altar_mp_vishouse, uniq_natasha,
          uniq_sigmund
D:3:      layout_loops_ring, grunt_temple_overflow_diamond, hex_medium,
          kennysheep_another_room, st_stairs_13
D:4:      layout_basic, mainiacjoe_overflow_24_doors, serial_glass,
          glass_columns_a, glass_columns_a, minmay_strange_pillars,
          minmay_strange_pillars, minmay_strange_pillars, due_unseen_surprise,
          uniq_edmund
D:5:      layout_gridville, grunt_temple_overflow_open
D:6:      layout_rooms, ashenzari_altar_1, minmay_temple_entry_large_hall,
          gup_sewer_entry_spiral, hangedman_abyss_or_decor_passed
D:7:      layout_gridville, chequers_temple_overflow_minitemple
D:8:      layout_rooms, gup_ossuary_entry_pyramid
D:9:      layout_basic, minmay_librarian, uniq_psyche
D:10:     layout_gridville, lair_entry_dummy, david_orc_1_choice,
          minmay_misc_feat_enclosed, minivault_27,
          chequers_serial_rivers_micro_d, dk_vineyard_2
D:11:     layout_long_grid, slow_altar_1, uniq_harold
Temple:   compressed_dpeg_circular_temple

Skill      XL: |  1  2  3  4  5  6  7  8  9 10 11 |
---------------+----------------------------------+-----
Unarmed Combat | 4 5 6 7 8 9 11 | 11.7
Invocations    | 1 2 4 5 7 8 9 |  9.4
Fighting       | 3 4 |  4.4
Dodging        | 3 4 |  4.4
Shields        | 3 5 6 |  6.5
Stealth        | |  1.0

Action                   |  1- 3 |  4- 6 |  7- 9 | 10-12 || total
-------------------------+-------+-------+-------+-------++-------
Melee: Unarmed           |    59 |    98 |   350 |   361 ||   868
       Punch             |     1 |     1 |    17 |    29 ||    48
Invok: Lesser Servant of |       |       |     1 |       ||     1
  Use: Scroll            |     1 |     3 |    16 |    10 ||    30
       Potion            |       |       |       |     2 ||     2
 Stab: Sleeping          |     1 |     1 |     2 |       ||     4
       Distracted        |       |     1 |     1 |       ||     2
       Invisible         |       |       |       |     1 ||     1
Armor: Robe              |    22 |    26 |   120 |    25 ||   193
       Acid dragon scale |       |       |       |    64 ||    64
       Skin              |       |       |       |     1 ||     1
Dodge: Dodged            |    25 |    44 |   237 |   130 ||   436
Block: Kite shield       |       |       |    16 |    57 ||    73
